 Dungeon Crawl Stone Soup version 0.27-a0-277-g024f7ef292 (webtiles) character file.

Game seed: 8931252919632307713

18839 Borgoz the Fighter (level 12, 0/77 HPs)
             Began as a Gargoyle Gladiator on Feb 5, 2021.
             Was a High Priest of Okawaru.
             Slain by a large slime creature (22 damage)
             ... on level 11 of the Dungeon.
             The game lasted 00:14:17 (11540 turns).

Borgoz the Fighter (Gargoyle Gladiator)            Turns: 11540, Time: 00:14:17

Health: 0/77       AC: 36    Str: 22    XL:     12   Next: 62%
Magic:  16/16      EV: 18    Int:  9    God:    Okawaru [*****.]
Gold:   1069       SH:  5    Dex: 15    Spells: 11/11 levels left

rFire    + . .     SeeInvis .   a - +1 flail
rCold    . . .     Faith    .   (no shield)
rNeg     + . .     Spirit   .   w - +5 plate armour of Voenwu {rPois Str+3}
rPois    ∞         Reflect  +   C - +2 helmet
rElec    +         Harm     .   q - +0 cloak
rCorr    .         Rampage  .   v - +1 pair of gloves
Will     .....                  l - +0 pair of boots
Stlth    ..........             D - amulet of reflection
HPRegen  0.22/turn              t - +4 ring of evasion
MPRegen  0.15/turn              c - ring of protection from fire

@: mighty, heroism, corroded
A: negative energy resistance 1, electricity resistance, unbreathing,
petrification resistance, miasma immunity, AC +8
a: Renounce Religion, Heroism, Finesse


You were on level 11 of the Dungeon.
You worshipped Okawaru.
Okawaru was extremely pleased with you.
You visited 2 branches of the dungeon, and saw 12 of its levels.
You visited the Abyss 1 time.
You also visited: Sewer and Ossuary.

You collected 1069 gold pieces.

Inventory:

Hand Weapons
 a - a +1 flail (weapon)
Missiles
 d - 5 throwing nets (quivered)
Armour
 l - a +0 pair of boots (worn)
 q - a +0 cloak (worn)
 v - a +1 pair of gloves (worn)
 w - the +5 plate armour of Voenwu (worn) {rPois Str+3}
   (You found it on level 5 of the Dungeon)

   It affects your strength (+3).
   It protects you from poison.
 C - a +2 helmet (worn)
Jewellery
 c - a ring of protection from fire (right hand)
 t - a +4 ring of evasion (left hand)
 z - an uncursed ring of ice
 D - an amulet of reflection (around neck)
Wands
 x - a wand of iceblast (8)
 A - a wand of acid (6)
 E - a wand of mindburst (9)
 F - a wand of digging (6)
Scrolls
 b - a scroll of enchant weapon
 k - 10 scrolls of teleportation
 m - 3 scrolls of magic mapping
 r - 4 scrolls of remove curse
 s - 2 scrolls of fear
 y - 3 scrolls of enchant armour
 B - 2 scrolls of blinking
Potions
 e - 4 potions of haste
 f - 2 potions of might
 g - 6 potions of heal wounds
 h - 4 potions of resistance
 i - 5 potions of cancellation
 j - 13 potions of curing
 n - 3 potions of brilliance
 o - 4 potions of flight
 p - 4 potions of magic


   Skills:
 + Level 10.2(15.2) Fighting
 + Level 10.1(15.1) Maces & Flails
 - Level 1.7(6.7) Throwing
 + Level 10.0(15.0) Armour
 + Level 8.5(13.5) Dodging
 - Level 3.1(8.1) Stealth
 - Level 5.8 Invocations
 - Level 2.2 Evocations


You had 11 spell levels left.
You didn't know any spells.
Your spell library contained the following spells:

 Spells                   Type           Power        Failure   Level
 Beastly Appendage        Tmut           0%           98%         1
 Magic Dart               Conj           0%           98%         1
 Shock                    Conj/Air       0%           98%         1
 Blink                    Tloc           N/A          99%         2
 Call Imp                 Summ           0%           99%         2
 Slow                     Hex            0%           99%         2
 Swiftness                Air            0%           99%         2
 Wereblood                Tmut           0%           99%         2
 Conjure Flame            Conj/Fire      0%           100%        3
 Mephitic Cloud           Conj/Pois/Air  0%           100%        3
 Spider Form              Tmut/Pois      0%           100%        3
 Static Discharge         Conj/Air       0%           100%        3
 Airstrike                Air            0%           100%        4
 Ice Form                 Ice/Tmut       0%           100%        4
 Blade Hands              Tmut           0%           100%        5
 Lightning Bolt           Conj/Air       0%           100%        5


Dungeon Overview and Level Annotations

Branches:
Dungeon (11/15)            Temple (1/1) D:7             Orc (0/2) D:9
  Sewer (visited)         Ossuary (visited)
   Lair: D:8-11

Altars:
Ashenzari
Cheibriados
Dithmenos
Elyvilon
Fedhas
Gozag
Hepliaklqana
Kikubaaqudgha
Makhleb
Nemelex Xobeh
Okawaru
Qazlal
Ru
Sif Muna
Trog
Uskayaw
Vehumet
Wu Jian
Xom
Yredelemnul
Zin
The Shining One
Jiyva

Annotations:
D:11 wakim's ghost, journeyman DrIE


Innate Abilities, Weirdness & Mutations

You are resistant to torment.
Your stone body is resilient. (AC +8)
You are immune to poison.
You resist negative energy. (rN+)
You are resistant to electric shocks. (rElec)
You can survive without breathing.
You are immune to petrification.
You are immune to miasma.


Message History

The large slime creature closely misses you.
The jelly hits you but does no damage.
The ice beast hits you but does no damage.
You closely miss wakim's ghost.
Wakim's ghost is lightly damaged.
Wakim's ghost hits you but does no damage.
The jelly barely misses you. The ice beast misses you.
The large slime creature hits you. The jelly closely misses you.
You feel very mighty all of a sudden. The ice beast barely misses you.
The jelly misses you. Wakim's ghost hits you.
* * * LOW HITPOINT WARNING * * *
x2 The ice beast closely misses you.
The large slime creature hits you but does no damage.
You block the jelly's attack.
You barely miss wakim's ghost.
Wakim's ghost is lightly damaged.
The ice beast completely misses you. The jelly misses you.
Wakim's ghost hits you but does no damage.
The ice beast barely misses you. The large slime creature hits you!!
You die...

#.##......# #........
#)##......####........
#.#..........'........
#.#.##....####........
#.#.##..<.# #........
###.#'##....#
#........
#..)...#....#
#####....
#..))..#YJ..## ....
#......Y@JJ..# ..≈
#.....##WJ'### ≈≈
#....##JJY..##
#....#.......#
#....#.......#
#....#.......#
##....##..!..##
#......##|_)##
#.<...>#


You could see a large slime creature, 3 ice beasts, 5 jellies and wakim's ghost.

Vanquished Creatures
  Erolcha (D:8)
  A two-headed ogre (D:9)
  The ghost of kae the Ruffian, a novice DrTm (D:6)
  An ugly thing (D:9)
  A cyclops (D:8)
  2 gargoyles (D:10)
  A komodo dragon (D:10)
  A hellwing (Abyss:2)
  A troll (D:10)
  A wraith (D:8)
  4 yaks (D:10)
  2 wyverns (D:9)
  5 orc warriors
  2 ice beasts
  An eye of draining (D:10)
  A necrophage (D:8)
  4 sky beasts
  4 ogres
  4 centaurs
  4 big kobolds
  3 phantoms
  6 bullfrogs
  A scorpion (D:8)
  16 killer bees
  8 wights
  A howler monkey (D:4)
  A quasit (D:7)
  3 bullfrog zombies
  2 centaur zombies
  9 orc priests
  3 bullfrog skeletons
  2 jellies
  A centaur skeleton (D:7)
  7 hounds
  4 iguanas
  7 orc wizards
  9 worker ants
  A killer bee zombie (D:8)
  A hound skeleton (D:8)
  8 mummies (Ossuary)
  2 worker ant zombies
  Robin (D:3)
  A gnoll (D:8)
  10 adders
  3 river rats (Sewer)
  A shadow imp (D:7)
  A white imp (D:8)
  3 ufetubi
  4 oozes
  An adder skeleton (D:6)
  An adder zombie (D:8)
  2 worms
  3 dart slugs
  4 leopard geckos
  71 orcs
  A ball python (D:3)
  6 bats
  A giant cockroach (D:3)
  3 gnoll zombies (Ossuary)
  15 goblins
  9 hobgoblins
  3 jackals
  22 kobolds
  5 quokkas
  2 frilled lizards (D:1)
  A giant cockroach zombie (D:5)
  2 goblin zombies (D:8)
  2 hobgoblin zombies (Ossuary)
  2 jackal skeletons
  2 kobold zombies (Ossuary)
  2 leopard gecko skeletons
  A leopard gecko zombie (D:7)
  An orc zombie (Ossuary)
  11 rats
334 creatures vanquished.

Vanquished Creatures (others)
  An orc (D:8)
  2 withered plants (D:6)
3 creatures vanquished.

Grand Total: 337 creatures vanquished

Notes
Turn   | Place    | Note
-------+----------+-------------------------------------------
     0 | D:1      | Borgoz the Gargoyle Gladiator began the quest for the Orb.
     0 | D:1      | Reached XP level 1. HP: 12/12 MP: 1/1
   212 | D:1      | Reached XP level 2. HP: 14/18 MP: 2/2
   417 | D:1      | Reached skill level 1 in Armour
   731 | D:2      | Reached XP level 3. HP: 16/22 MP: 3/3
  1242 | D:2      | Found a hide-covered altar of Uskayaw.
  1694 | D:3      | Found a glowing drain.
  1723 | D:3      | Reached XP level 4. HP: 27/27 MP: 4/4
  1791 | Sewer    | Entered a sewer
  1968 | Sewer    | Noticed a big kobold
  1969 | Sewer    | Noticed a big kobold
  1990 | Sewer    | Killed a big kobold
  1991 | Sewer    | Reached XP level 5. HP: 24/32 MP: 5/5
  1995 | Sewer    | Killed a big kobold
  2073 | Sewer    | Reached XP level 6. HP: 38/38 MP: 6/6
  2851 | D:3      | Noticed Robin
  2860 | D:3      | Killed Robin
  3207 | D:4      | Found a white marble altar of Elyvilon.
  3453 | D:4      | Reached XP level 7. HP: 39/44 MP: 7/7
  3996 | D:4      | Found a snail-covered altar of Cheibriados.
  4002 | D:4      | Found a burning altar of Makhleb.
  4003 | D:4      | Found a hazy altar of Hepliaklqana.
  4003 | D:4      | Found a shimmering altar of Xom.
  4005 | D:4      | Found an iron altar of Okawaru.
  4015 | D:4      | Became a worshipper of Warmaster Okawaru
  4105 | D:5      | Entered Level 5 of the Dungeon
  4515 | D:5      | Reached skill level 5 in Maces & Flails
  4515 | D:5      | Reached skill level 1 in Invocations
  4683 | D:5      | Reached skill level 5 in Fighting
  4762 | D:5      | Got a spiked plate armour
  4773 | D:5      | Identified the +5 plate armour of Voenwu {rPois Str+3} (You
                  | found it on level 5 of the Dungeon)
  5047 | D:6      | Reached XP level 8. HP: 47/49 MP: 9/9
  5430 | D:6      | Reached * piety under Okawaru
  5553 | D:6      | Found a runed translucent door.
  5554 | D:6      | Noticed kae's ghost (novice DrTm)
  5606 | D:6      | Reached skill level 5 in Armour
  6095 | D:6      | Killed kae's ghost
  6095 | D:6      | Reached ** piety under Okawaru
  6096 | D:6      | Reached skill level 5 in Dodging
  6096 | D:6      | Reached XP level 9. HP: 52/55 MP: 11/11
  6320 | D:7      | Found a staircase to the Ecumenical Temple.
  6345 | Temple   | Entered the Ecumenical Temple
  7242 | D:8      | Reached *** piety under Okawaru
  7291 | D:8      | Reached skill level 5 in Invocations
  7316 | D:8      | Found a sand-covered staircase.
  7334 | Ossuary  | Entered an ossuary
  7682 | D:8      | Reached XP level 10. HP: 53/63 MP: 13/13
  7898 | D:8      | Noticed a cyclops
  7911 | D:8      | Killed a cyclops
  7911 | D:8      | Reached **** piety under Okawaru
  8635 | D:9      | Noticed Erolcha
  8724 | D:8      | Cast into level 2 of the Abyss (Erolcha)
  8791 | D:8      | Escaped the Abyss
  8819 | D:8      | Killed Erolcha
  8969 | D:9      | Noticed a red ugly thing
  8978 | D:9      | Killed a red ugly thing
  9095 | D:9      | Reached ***** piety under Okawaru
  9125 | D:9      | Found a staircase to the Orcish Mines.
  9889 | D:9      | Reached XP level 11. HP: 61/69 MP: 14/14
 10014 | D:9      | Found an ancient bone altar of Kikubaaqudgha.
 10133 | D:9      | Noticed a two-headed ogre
 10147 | D:9      | Killed a two-headed ogre
 10179 | D:10     | Entered Level 10 of the Dungeon
 11211 | D:11     | Found a runed translucent gate.
 11211 | D:11     | Found a runed translucent gate.
 11211 | D:11     | Found a runed translucent gate.
 11225 | D:11     | Noticed wakim's ghost (journeyman DrIE)
 11456 | D:11     | Found a viscous altar of Jiyva.
 11458 | D:11     | Reached skill level 10 in Fighting
 11458 | D:11     | Reached skill level 10 in Maces & Flails
 11458 | D:11     | Reached skill level 10 in Armour
 11458 | D:11     | Reached XP level 12. HP: 77/77 MP: 14/16
 11540 | D:11     | Slain by a large slime creature

Illustrated notes

Levels and vault maps discovered:
D:1:      tarquinn_simple_flora_water_a, layout_loops_ring
D:2:      layout_loops_ring, lemuel_crystal_altar,
          chequers_serial_rivers_micro_b
D:3:      layout_loops_ring, cheibrodos_sewer_entry_drain, uniq_robin
D:4:      layout_loops_ring, minitemple, elyvilon_altar_4
D:5:      layout_loops_ring
D:6:      layout_cave_pods, gammafunk_ghost_grave
D:7:      layout_loops_ring, minmay_temple_entry_mist, st_stairs_10
D:8:      cheibrodos_ideogram_h, layout_loops_ring, enter_ossuary_4
D:9:      layout_rooms, lemuel_round_altar, hiddenorc2_lemuel, uniq_erolcha
D:10:     layout_loops_ring
D:11:     layout_basic, erik_lair_island, gammafunk_ghost_ooze, uniq_maurice
Temple:   eino_wide_crystal_templ

Skill      XL: |  1  2  3  4  5  6  7  8  9 10 11 |
---------------+----------------------------------+-----
Armour         | 1 2 3 4 5 6 8 10 | 10.0
Fighting       | 3 4 5 6 7 8 10 | 10.2
Dodging        | 3 4 5 7 8 |  8.5
Maces & Flails | 4 5 6 7 8 10 | 10.1
Invocations    | 1 3 5 |  5.8
Stealth        | 3 |  3.1
Evocations     | 2 |  2.2
Throwing       | |  1.7

Action                   |  1- 3 |  4- 6 |  7- 9 | 10-12 || total
-------------------------+-------+-------+-------+-------++-------
Melee: Flail             |    76 |   242 |   569 |   690 ||  1577
       Punch             |       |       |     3 |     6 ||     9
Invok: Heroism           |       |       |     2 |    11 ||    13
       Finesse           |       |       |       |     1 ||     1
  Use: Scroll            |     1 |     2 |     5 |    10 ||    18
       Potion            |       |     5 |       |    10 ||    15
 Stab: Sleeping          |     1 |       |       |       ||     1
Armor: Leather armour    |    25 |   107 |    37 |       ||   169
       Plate armour      |       |       |   354 |   473 ||   827
Dodge: Dodged            |    48 |   180 |   442 |   686 ||  1356
Block: Other             |       |       |     8 |   225 ||   233
       Reflection        |       |       |       |     1 ||     1

Table legend: (Time is in decaauts)
 A = Elapsed time spent in this place.
 B = Non-inter-level travel time spent in this place.
 C = Inter-level travel time spent in this place.
 D = Time resting spent in this place.
 E = Time spent auto-exploring this place.
 F = Levels seen in this place.
 G = Mean time per level.
                   A        B        C        D        E       F      G
               +--------+--------+--------+--------+--------+-----+--------+
         Total |  11664 |  11242 |    422 |    496 |   7822 |  15 |  777.6 |
       Dungeon |  10620 |  10208 |    412 |    496 |   7274 |  11 |  965.5 |
        Temple |     54 |     44 |     10 |      0 |     44 |   1 |   54.0 |
         Abyss |     63 |     63 |      0 |      0 |      0 |   1 |   63.0 |
         Sewer |    721 |    721 |      0 |      0 |    394 |   1 |  721.0 |
       Ossuary |    204 |    204 |      0 |      0 |    110 |   1 |  204.0 |
               +--------+--------+--------+--------+--------+-----+--------+

Top non-repeatable levels by time:
     D:8: 1611 daAuts
     D:9: 1218 daAuts
     D:6: 1130 daAuts
    D:10: 1014 daAuts
     D:2: 965 daAuts
     D:4: 959 daAuts
     D:5: 932 daAuts
     D:3: 877 daAuts
     D:7: 867 daAuts
     D:1: 731 daAuts
   Sewer: 721 daAuts
    D:11: 313 daAuts
 Ossuary: 204 daAuts
 Abyss:2: 63 daAuts
  Temple: 54 daAuts
